 Dungeon Crawl Stone Soup version 0.30-a0-1035-g38d5fb2972 (webtiles) character file.

Game seed: 9279629812437118995

23 DeathPants the Stinger (level 3, -1/28 HPs)
             Began as a Naga Venom Mage on Apr 8, 2023.
             Slain by a gnoll
             ... wielding a +0 flail
              (6 damage)
             ... on level 1 of the Dungeon.
             The game lasted 00:02:56 (860 turns).

DeathPants the Stinger (Naga Venom Mage)             Turns: 860, Time: 00:02:56

Health: -1/28      AC:  3    Str: 12    XL:     3   Next: 0%
Magic:  3/6        EV:  9    Int: 15    God:
Gold:   77         SH:  0    Dex: 11    Spells: 3/6 levels left

rFire   . . .      SeeInvis +    e - +0 whip
rCold   . . .      Faith    .    (no shield)
rNeg    . . .      Spirit   .    a - +0 robe
rPois   +          Reflect  .    f - +0 helmet
rElec   .          Rampage  .    (no cloak)
rCorr   .                        (no gloves)
Will    .....                    (no barding)
Stlth   ++                       (no amulet)
HPRegen 0.24/turn                (no ring)
MPRegen 0.10/turn                (no ring)

@: very slow
A: AC +1, large, see invisible, deformed body, poison resistance, slowness 2,
spit poison 1, naga tail 1
a: Spit Poison


You were on level 1 of the Dungeon.
You visited 1 branch of the dungeon, and saw 2 of its levels.

You collected 77 gold pieces.

Inventory:

Hand Weapons
 e - a +0 whip (weapon)
Armour
 a - a +0 robe (worn)
 f - a +0 helmet (worn)
Scrolls
 c - a scroll of identify {unknown}
 d - a scroll of immolation {unknown}
 h - a scroll of enchant armour {unknown}
 i - a scroll of vulnerability {unknown}
Potions
 b - a potion of magic
 g - a potion of heal wounds {unknown}


   Skills:
 - Level 1.5 Dodging
 - Level 3.0 Stealth
 - Level 2.0 Spellcasting
 - Level 1.0 Transmutations
 + Level 5.4 Poison Magic


You had 3 spell levels left.
You knew the following spells:

 Your Spells              Type           Power      Damage    Failure   Level
a - Sting                 Tmut/Pois      44%        1d5       6%          1
b - Poisonous Vapours     Pois/Air       18%        N/A       11%         2

Your spell library contained the following spells:

 Spells                   Type           Power      Damage    Failure   Level
 Mephitic Cloud           Conj/Pois/Air  6%         N/A       32%         3
 Olgreb's Toxic Radiance  Pois           17%        N/A       24%         4


Dungeon Overview and Level Annotations

Branches:
Dungeon (2/15)

Altars:


Innate Abilities, Weirdness & Mutations

Your serpentine skin is tough. (AC +1)
You have supernaturally acute eyesight. (SInv)
Armour fits poorly on your strangely shaped body.
Your system is resistant to poisons. (rPois)
You cover ground very slowly.
You can spit poison.
You have a snake-like lower body.


Message History

Nothing appears to happen.
The gnoll barely misses you. The gnoll completely misses you.
The gnoll hits you from afar with a +0 spear.
You climb upwards.
There is a stone staircase leading down here.
Your magical contamination has completely faded away.
HP restored.
Magic restored.
Done exploring.
You climb downwards.
The gnoll hits you with a +0 flail.
There is a stone staircase leading up, spattered with blood here.
The gnoll hits you with a +0 flail!
You climb upwards.
There is a stone staircase leading down here.
Aiming: Sting (safe; 6% risk of failure)
Press: ? - help, Q - select action, (/) - cycle Shift-Dir - straight line, f - gnoll
Aim: a gnoll, wielding a +0 flail (75% to hit)
The sting misses the gnoll.
The gnoll barely misses you.
Aiming: Sting (safe; 6% risk of failure)
Press: ? - help, Q - select action, (/) - cycle Shift-Dir - straight line, f/p - gnoll
Aim: a gnoll, wielding a +0 flail (75% to hit)
The sting hits the gnoll.
The gnoll is poisoned.
The gnoll is moderately wounded.
The gnoll hits you with a +0 flail.
Aiming: Sting (safe; 6% risk of failure)
Press: ? - help, Q - select action, (/) - cycle Shift-Dir - straight line, f/p - gnoll
Aim: a gnoll, wielding a +0 flail (heavily wounded, poisoned, 75% to hit)
The sting hits the gnoll but does no damage.
The gnoll looks even sicker.
The gnoll is heavily wounded.
The gnoll hits you with a +0 flail!
* * * LOW HITPOINT WARNING * * *
You hit the gnoll but do no damage.
The gnoll is heavily wounded.
The gnoll barely misses you.
You barely miss the gnoll.
The gnoll is almost dead.
The gnoll hits you with a +0 flail.
You die...

########
#########....).######
................@...#
#########......g....###
#......#.#....#
#####......#.#.##.#
#..........#.#.##.#
#.###......#.#.##.#
#####...#......#.#.##.#
......#.#......#.#.##.#
......#.###'#.##.#.##.#


You could see a gnoll (very poisoned).

Vanquished Creatures
  2 dart slugs (D:1)
  3 bats (D:1)
  An endoplasm (D:1)
  2 hobgoblins (D:1)
  A quokka (D:1)
  A ball python (D:1)
  2 frilled lizards (D:1)
  2 goblins (D:2)
  3 kobolds
  4 rats
21 creatures vanquished.

Notes
Turn   | Place    | Note
-------+----------+-------------------------------------------
     0 | D:1      | DeathPants the Naga Venom Mage began the quest for the Orb.
     0 | D:1      | Reached XP level 1. HP: 15/15 MP: 3/3
   297 | D:1      | Found a faded altar of an unknown god.
   312 | D:1      | Reached XP level 2. HP: 16/22 MP: 1/5
   319 | D:1      | Learned a level 2 spell: Poisonous Vapours
   340 | D:2      | Reached skill level 5 in Poison Magic
   667 | D:1      | Reached XP level 3. HP: 22/28 MP: 2/6
   860 | D:1      | Slain by a gnoll

Illustrated notes

Levels and vault maps discovered:
D:1:      lightli_arrival_flooded_house, layout_basic, basic_ecumenical_altar,
          chequers_arboretum
D:2:      layout_loops_ring

Skill      XL: |  1  2 |
---------------+-------+-----
Poison Magic   | 5 |  5.4
Dodging        | |  1.5
Stealth        | |  3.0
Spellcasting   | |  2.0
Transmutations | |  1.0

Action                     || total
---------------------------++-------
  Melee: Whip              ||    30
         Unarmed           ||     1
   Cast: Sting             ||    23
         Poisonous Vapours ||     2
Ability: Spit Poison       ||     1
   Stab: Sleeping          ||     1
 Armour: Robe              ||     4
  Dodge: Dodged            ||    24

Table legend: (Time is in decaauts)
 A = Elapsed time spent in this place.
 B = Non-inter-level travel time spent in this place.
 C = Inter-level travel time spent in this place.
 D = Time resting spent in this place.
 E = Time spent auto-exploring this place.
 F = Levels seen in this place.
 G = Mean time per level.
                   A        B        C        D        E       F      G
               +--------+--------+--------+--------+--------+-----+--------+
         Total |   1086 |   1070 |     16 |      0 |    793 |   2 |  543.0 |
       Dungeon |   1086 |   1070 |     16 |      0 |    793 |   2 |  543.0 |
               +--------+--------+--------+--------+--------+-----+--------+

Top non-repeatable levels by time:
     D:1: 1007 daAuts
     D:2: 78 daAuts
